 Dungeon Crawl Stone Soup version 0.29-a0-364-g921d912d32 (webtiles) character file.

Game seed: 6964646449302567699

130 lesaewzxc the Sneak (level 5, -1/48 HPs)
             Began as a Kobold Brigand on Apr 30, 2022.
             Slain by a goblin
             ... wielding a +0 club
             ... led by Robin
              (3 damage)
             ... on level 3 of the Dungeon.
             The game lasted 00:17:04 (1588 turns).

lesaewzxc the Sneak (Kobold Brigand)                Turns: 1588, Time: 00:17:06

Health: -1/48      AC: 22    Str:  7 (9)  XL:     5   Next: 36%
Magic:  5/5        EV:  3    Int: 13 (14) God:
Gold:   80         SH:  0    Dex: 13 (16) Spells: 4/4 levels left

rFire   . . .      SeeInvis .   a - +2 dagger
rCold   . . .      Faith    .   (no shield)
rNeg    + . .      Spirit   .   (body armour currently unavailable)
rPois   +          Reflect  .   (helmet currently unavailable)
rElec   .          Harm     .   (cloak currently unavailable)
rCorr   +          Rampage  .   (gloves currently unavailable)
Will    .....      NoTele   +   (boots currently unavailable)
Stlth   ++++......              (no amulet)
HPRegen 0.16/turn               m - ring of positive energy
MPRegen 0.09/turn               q - ring of resist corrosion

@: tree-form (expiring)
A: stationary, stasis, torment immunity, boosted hp, small, no large weapons,
nightstalker 3
a: no special abilities


You were on level 3 of the Dungeon.
You were a tree.
You visited 1 branch of the dungeon, and saw 3 of its levels.

You collected 80 gold pieces.

Inventory:

Hand Weapons
 a - a +2 dagger (weapon)
 o - a +0 falchion
Missiles
 d - 6 poisoned darts (quivered)
 e - 3 curare-tipped darts
 r - 18 stones
Armour
 b - a +0 robe
 c - a +0 cloak (melded)
 i - a +1 pair of gloves (melded)
 n - a +0 ring mail (melded)
Jewellery
 m - a ring of positive energy (left branch)
 q - a ring of resist corrosion (right branch)
Scrolls
 f - 2 scrolls of identify
 g - a scroll of fog
 h - a scroll of teleportation
Potions
 p - a potion of degeneration


   Skills:
 * Level 3.0 Fighting
 * Level 3.6 Short Blades
 * Level 3.0 Throwing
 + Level 0.7 Armour
 * Level 2.6 Dodging
 + Level 5.7 Stealth
 * Level 1.5 Transmutations


You had 4 spell levels left.
You didn't know any spells.
Your spell library contained the following spells:

 Spells                   Type           Power      Damage    Failure   Level
 Wereblood                Tmut           4%         N/A       26%         2
 Foxfire                  Conj/Fire      0%         2x1d4     30%         1
 Blink                    Tloc           0%         N/A       43%         2
 Scorch                   Fire           0%         2d5       43%         2
 Sublimation of Blood     Necr           0%         N/A       43%         2
 Lesser Beckoning         Tloc           0%         N/A       67%         3
 Summon Guardian Golem    Hex/Summ       0%         N/A       67%         3
 Flame Wave               Conj/Fire      0%         2d4       97%         4
 Manifold Assault         Tloc           0%         N/A       100%        5
 Summon Cactus Giant      Summ           0%         N/A       100%        6
 Orb of Destruction       Conj           0%         9d5       100%        7
 Spellforged Servitor     Conj/Summ      0%         N/A       100%        7
 Summon Hydra             Summ           0%         N/A       100%        7


Dungeon Overview and Level Annotations

Branches:
Dungeon (3/15)

Altars:

Shops:
D:1 ****


Innate Abilities, Weirdness & Mutations

You are a tree.
Your roots penetrate the ground, keeping you stationary.
You cannot be teleported.
You are immune to unholy pain and torment.
Your maximum health is greatly increased.
Your equipment is partially melded.
You are small and have problems with some larger weapons.
You are completely attuned to the shadows.


Message History

* * * LOW HITPOINT WARNING * * *
The goblin hits you but does no damage. x2
The goblin hits you but does no damage. The goblin barely misses you.
The goblin hits you but does no damage. x2
The goblin hits you but does no damage. The goblin barely misses you.
The goblin hits you but does no damage. x2
The goblin barely misses you. The goblin hits you but does no damage.
The goblin hits you but does no damage. x2
The goblin hits you but does no damage. x2
The goblin hits you with a +0 club.
* * * LOW HITPOINT WARNING * * *
The goblin barely misses you.
The goblin hits you but does no damage. x2
The goblin hits you but does no damage. x2
Okay, then.
You cannot teleport because you are held in place by your roots.
You hit the goblin.
The goblin is severely wounded.
The goblin hits you but does no damage. x2
As you read the scroll of fog, it crumbles to dust.
The scroll dissolves into smoke.
Your transformation is almost over.
The goblin hits you but does no damage. The goblin barely misses you.
You hit the goblin.
You kill the goblin!
The goblin hits you but does no damage.
You cannot move.
Throw: 8 darts (poison)
Press: ? - help, Q - select action, (/) - cycle Shift-Dir - straight line, f - goblin
Aim: a goblin, wielding a +0 club (purple smoke, 51% to hit)
You throw a poisoned dart.
The poisoned dart closely misses the goblin.
The goblin hits you but does no damage.
Throw: 7 darts (poison)
Press: ? - help, Q - select action, (/) - cycle Shift-Dir - straight line, f/p - goblin
Aim: a goblin, wielding a +0 club (purple smoke, 51% to hit)
You throw a poisoned dart.
The poisoned dart closely misses the goblin.
The goblin hits you with a +0 club.
You die...

##### #)... #######+
#>... #§§§§§.....#
#.... #§§§§§.....#
#.... #§§♣§§.....#
###...< #§g§§§.....#
#.'....
#(.§§§.....###.#....
#.)..............[..
#).).........#.#.#+#
+.)##......).#.#.#
##.##........#.#.#
#)##........#.#.#
#)##........#


You could see a goblin.

Vanquished Creatures
  Jessica (D:2)
  Natasha (twice) (D:3)
  Robin (D:3)
  A worm (D:3)
  A dart slug (D:1)
  3 bats
  4 endoplasms
  2 giant cockroaches (D:2)
  4 hobgoblins
  4 kobolds
  2 frilled lizards (D:3)
  11 goblins
  2 rats (D:1)
38 creatures vanquished.

Vanquished Creatures (others)
  A plant (D:1)
1 creature vanquished.

Grand Total: 39 creatures vanquished

Notes
Turn   | Place    | Note
-------+----------+-------------------------------------------
     0 | D:1      | lesaewzxc the Kobold Brigand began the quest for the Orb.
     0 | D:1      | Reached XP level 1. HP: 12/12 MP: 1/1
   137 | D:1      | Found a faded altar of an unknown god.
   153 | D:1      | Got Plato's Grimoire of the Arsonist
   181 | D:1      | Reached XP level 2. HP: 16/18 MP: 2/2
   222 | D:1      | Found Zuckutzi's Assorted Antiques.
   273 | D:1      | Found Biuhumul's General Store.
   306 | D:1      | Found Emies's Assorted Antiques.
   328 | D:1      | Found Geeraxol's General Store.
   802 | D:2      | Noticed Jessica
   813 | D:2      | Killed Jessica
   814 | D:2      | Reached XP level 3. HP: 22/22 MP: 3/3
  1146 | D:2      | Reached XP level 4. HP: 26/27 MP: 4/4
  1408 | D:3      | Reached skill level 1 in Transmutations
  1471 | D:3      | Identified the +0 helmet of Goenuhosu {Dex+3}
  1471 | D:3      | Noticed Robin
  1472 | D:3      | Noticed Natasha
  1495 | D:3      | Killed Natasha
  1512 | D:3      | Killed Robin
  1513 | D:3      | Reached XP level 5. HP: 18/32 MP: 5/5
  1523 | D:3      | Noticed Natasha
  1535 | D:3      | HP: 1/32 [Natasha/magic dart (5)]
  1538 | D:3      | Killed Natasha
  1550 | D:3      | HP: 1/48 [goblin/+0 club[Robin] (3)]
  1556 | D:3      | HP: 1/48 [goblin/sling bullet[Robin] (1)]
  1581 | D:3      | HP: 1/48 [goblin/+0 club[Robin] (3)]
  1588 | D:3      | Slain by a goblin

Illustrated notes

Levels and vault maps discovered:
D:1:      minmay_arrival_four_houses, layout_basic,
          shapermc_ecumenical_altar_rom_forum, serial_shops,
          nicolae_shop_bloodbath_and_beyond, shop, nicolae_shop_stone,
          shop_fountains, shop
D:2:      layout_loops_ring, uniq_jessica
D:3:      layout_basic, serial_shops, shop, uniq_robin, uniq_natasha

Skill      XL: |  1  2  3  4  5 |
---------------+----------------+-----
Short Blades   | 3 |  3.6
Dodging        | 2 |  2.6
Transmutations | 1 |  1.5
Fighting       | 3 |  3.0
Throwing       | 3 |  3.0
Armour         | |  0.7
Stealth        | |  5.7

Action                   |  1- 3 |  4- 6 || total
-------------------------+-------+-------++-------
Melee: Dagger            |    57 |    67 ||   124
Throw: Dart              |     5 |     4 ||     9
  Use: Scroll            |     5 |     1 ||     6
       Potion            |     1 |     4 ||     5
 Stab: Sleeping          |     6 |     2 ||     8
Armor: Robe              |     7 |       ||     7
       Ring mail         |     8 |    32 ||    40
       Skin              |       |    53 ||    53
Dodge: Dodged            |    27 |    46 ||    73

Table legend: (Time is in decaauts)
 A = Elapsed time spent in this place.
 B = Non-inter-level travel time spent in this place.
 C = Inter-level travel time spent in this place.
 D = Time resting spent in this place.
 E = Time spent auto-exploring this place.
 F = Levels seen in this place.
 G = Mean time per level.
                   A        B        C        D        E       F      G
               +--------+--------+--------+--------+--------+-----+--------+
         Total |   1566 |   1433 |    133 |      0 |    184 |   3 |  522.0 |
       Dungeon |   1566 |   1433 |    133 |      0 |    184 |   3 |  522.0 |
               +--------+--------+--------+--------+--------+-----+--------+

Top non-repeatable levels by time:
     D:2: 708 daAuts
     D:1: 459 daAuts
     D:3: 399 daAuts
